 Dungeon Crawl Stone Soup version 0.32-a0-361-g289a535e89 (webtiles) character file.

Game seed: 16829847126677843067

1258 Ruich the Caller (level 8, 0/50 (59) HPs)
             Began as a Demigod Summoner on Feb 18, 2024.
             Slain by a wight
             ... wielding a +0 dagger
              (1 damage)
             ... on level 6 of the Dungeon.
             The game lasted 00:26:42 (9389 turns).

Ruich the Caller (Demigod Summoner)                 Turns: 9389, Time: 00:26:43

HP:   0/50 (59)     AC:  4    Str: 13    XL:     8   Next: 6%
MP:   14/26         EV: 17    Int: 21    God:
Gold: 270           SH:  0    Dex: 14    Spells: 3/15 levels left

rFire   . . .        n - +0 dagger
rCold   . . .        (no shield)
rNeg    . . .        a - +0 robe
rPois   .            (no helmet)
rElec   .            (no cloak)
rCorr   .            (no gloves)
SInv    .            f - +1 pair of boots
Will    .....        (no amulet)
Stlth   ++           w - +5 ring of evasion
HPRegen 0.28/turn    x - ring of magical power
MPRegen 0.20/turn

%: no passive effects
@: very slightly contaminated, heavily drained, inugami summoned
A: high MP 1, forlorn, divine attributes
a: no special abilities


You were on level 6 of the Dungeon.
You visited 1 branch of the dungeon, and saw 6 of its levels.
You also visited: Sewer.

You collected 352 gold pieces.
You spent 82 gold pieces at shops.


Innate Abilities, Weirdness & Mutations

You have an increased reservoir of magic. (+10% MP)
You shall have no god before yourself.
Your divine heritage dramatically boosts your attributes as you level up.


   Skills:
 + Level 1.2 Fighting
 + Level 2.4 Dodging
 - Level 2.0 Stealth
 - Level 4.1 Spellcasting
 + Level 6.8 Summonings
 - Level 5.0 Fire Magic


You had 3 spell levels left.
You knew the following spells:

 Your Spells              Type           Power      Damage    Failure   Level
c - Call Canine Familiar  Summ           33%        N/A       2%          3
l - Summon Lightning Spi  Summ/Air       18%        N/A       28%         4
x - Summon Blazeheart Go  Fire/Summ      29%        N/A       11%         4
z - Summon Small Mammal   Summ           100%       N/A       1%          1

Your spell library contained the following spells:

 Spells                   Type           Power      Damage    Failure   Level
 Call Imp                 Summ           66%        N/A       1%          2
 Tukima's Dance           Hex            4%         N/A       34%         3
 Passage of Golubria      Tloc           4%         N/A       75%         4
 Yara's Violent Unravell  Hex/Alch       2%         3d3       97%         5

Inventory:

Hand Weapons
 n - a +0 dagger (weapon)
Missiles
 h - 5 javelins
 i - 34 stones
 k - 4 boomerangs (quivered)
 l - 11 poisoned darts
Armour
 a - a +0 robe (worn)
 f - a +1 pair of boots (worn)
 m - a +0 ring mail
 y - the +7 chain mail "Coinyf" {rElec Str+2}
   (You found it on level 4 of the Dungeon)

   Str+2:     It affects your strength (+2).
   rElec:     It insulates you from electricity.
Jewellery
 w - a +5 ring of evasion (left hand)
 x - a ring of magical power (right hand)
Wands
 g - a wand of quicksilver (5)
Scrolls
 c - 2 scrolls of vulnerability
 e - a scroll of amnesia
 o - 3 scrolls of teleportation {@r2}
 q - a scroll of acquirement {unknown}
 r - a scroll of enchant weapon
 t - a scroll of fog
 v - a scroll of blinking
Potions
 b - a potion of magic
 d - a potion of resistance
 j - a potion of degeneration
 p - 3 potions of haste {@q3}
 s - 2 potions of might
 u - 2 potions of mutation
 z - 2 potions of heal wounds {@q2}
 A - a potion of brilliance

Dungeon Overview and Level Annotations

Branches:
Dungeon (6/15)             Temple (0/1) D:6           Sewer (visited)

Shops:
D:5 ?

Annotations:
D:2 exclusion: 2 downstairs

.#.# #.# .#
########. .#.# #.#
#.#.# #. ...# #.#
#.#.# #. ..## #)#
#.#.# #. ..# #.#
####.#z# #. ..#
#.###.##b#z# #. ..#
###.##.#.#.#h# #.
..####.....###.bzz##
#. ..........##
##.@9.# #.
#.####.#.#.# #.###.#
#. #.# #.#.##.#.# .#
.# #.# #.#.# #.# .#
# #.# #.#.# #.# .#
#.# #.#.# # # .# #.#
#.#.# .# #.. ... .#


You could see 4 wights, a friendly blazeheart golem (summoned), a friendly
inugami (summoned) and 2 friendly bats.


Message History

The wight misses you. The wight barely misses your inugami.
Casting: Call Canine Familiar (dangerous; 2% risk of failure)
Confirm with . or Enter, or press ? or * to list all spells.
The wight closely misses your inugami.
You feel drained. The wight freezes you.
* * * LOW HITPOINT WARNING * * *
Your blazeheart golem completely misses the wight.
The wight misses you.
Casting: Summon Small Mammal (safe; 1% risk of failure)
Confirm with . or Enter, or press ? or * to list all spells.
Your bat closely misses the wight.
Your bat barely misses the wight.
Your inugami misses the wight. The wight misses you.
* * * LOW HITPOINT WARNING * * *
You feel drained.
* * * LOW HITPOINT WARNING * * *
The wight freezes you.
* * * LOW HITPOINT WARNING * * *
The wight closely misses your inugami.
Unknown command.
Your bat barely misses the wight.
Your bat completely misses the wight.
The wight barely misses your inugami.
Your bat closely misses the wight.
* * * LOW HITPOINT WARNING * * *
You feel drained.
* * * LOW HITPOINT WARNING * * *
The wight freezes you.
* * * LOW HITPOINT WARNING * * *
Your blazeheart golem misses the wight.
The wight barely misses you.
Your bat closely misses the wight. x2
* * * LOW HITPOINT WARNING * * *
You feel drained.
You die...

Skill      XL: |  1  2  3  4  5  6  7 |
---------------+----------------------+-----
Stealth        | 2 |  2.0
Dodging        | 2 |  2.4
Spellcasting   | 2 3 4 |  4.1
Summonings     | 4 5 6 |  6.8
Fire Magic     | 1 5 |  5.0
Fighting       | 1 |  1.2

Action                     |  1- 3 |  4- 6 |  7- 9 || total
---------------------------+-------+-------+-------++-------
  Melee: Unarmed           |    85 |       |       ||    85
         Dagger            |    63 |   141 |   101 ||   305
         Punch             |     3 |       |       ||     3
  Throw: Boomerang         |       |     8 |       ||     8
   Cast: Summon Small Mamm |    46 |    48 |    20 ||   114
         Call Canine Famil |     1 |    39 |    16 ||    56
         Summon Blazeheart |       |     1 |     6 ||     7
    Use: Scroll            |       |     1 |    12 ||    13
         Potion            |       |     7 |     2 ||     9
   Stab: Distracted        |     2 |     2 |     1 ||     5
         Sleeping          |     3 |     5 |       ||     8
 Armour: Robe              |   106 |   111 |    52 ||   269
         Skin              |       |       |    65 ||    65
  Dodge: Dodged            |   106 |   151 |   108 ||   365

Levels and vault maps discovered:
D:1:      lightli_arrival_windingriver, layout_basic,
          hellmonk_ecumenical_altar_crossroads,
          hangedman_abyss_or_decor_lesser_grid
D:2:      layout_loops_ring, hangedman_decor_peaks_small
D:3:      layout_rooms, grunt_ministairs_10, kennysheep_boxes
D:4:      layout_basic, nicolae_wu_jian_wuxing_cycle,
          mainiacjoe_sewer_entry_somewhere_in_here_1, uniq_edmund
D:5:      layout_loops_ring, nicolae_elyvilon_peaceful_grove,
          gammafunk_temple_overflow_elements, serial_shops, shop,
          nicolae_half_adder
D:6:      layout_loops_ring, minmay_temple_entry_trees

Notes
Turn   | Place    | Note
-------+----------+-------------------------------------------
     0 | D:1      | Ruich the Demigod Summoner began the quest for the Orb.
     0 | D:1      | Reached XP level 1. HP: 14/14 MP: 5/5
   212 | D:1      | Reached skill level 2 in Stealth
   283 | D:1      | Reached skill level 2 in Dodging
   368 | D:1      | Reached skill level 2 in Spellcasting
   368 | D:1      | Reached XP level 2. HP: 11/20 MP: 4/7
   749 | D:1      | Reached skill level 4 in Summonings
  1321 | D:2      | Reached XP level 3. HP: 25/26 MP: 8/8
  1424 | D:2      | Learned a level 3 spell: Call Canine Familiar
  1820 | D:2      | Reached XP level 4. HP: 10/33 MP: 4/10
  2192 | D:2      | You fall into a shaft and drop 2 floors!
  2267 | D:4      | Learned a level 4 spell: Summon Blazeheart Golem
  2301 | D:4      | Noticed a bullfrog
  2306 | D:4      | Killed a bullfrog
  2307 | D:4      | Reached skill level 5 in Summonings
  2329 | D:4      | Reached skill level 3 in Spellcasting
  2332 | D:4      | Reached XP level 5. HP: 36/38 MP: 8/12
  2418 | D:4      | Found a glowing drain.
  2421 | Sewer    | Entered a sewer
  4170 | Sewer    | Reached XP level 6. HP: 45/45 MP: 12/14
  5082 | D:3      | Reached skill level 6 in Summonings
  6252 | D:4      | Reached skill level 1 in Fire Magic
  6631 | D:4      | Identified the +7 chain mail "Coinyf" {rElec Str+2}
  6832 | D:4      | Noticed Edmund
  6854 | D:4      | Killed Edmund
  6855 | D:4      | Reached skill level 4 in Spellcasting
  6964 | D:4      | Reached XP level 7. HP: 50/50 MP: 16/16
  6985 | D:4      | Learned a level 4 spell: Summon Lightning Spire
  7067 | D:5      | Entered Level 5 of the Dungeon
  7104 | D:5      | Reached skill level 2 in Fire Magic
  7498 | D:5      | Found Nyilupay's Magic Scroll Shop.
  7515 | D:5      | Identified a potion of resistance
  7593 | D:5      | Noticed a nameless horror
  7595 | D:5      | Noticed a nameless horror
  7633 | D:5      | Killed a nameless horror
  7869 | D:5      | Reached skill level 3 in Fire Magic
  7902 | D:5      | Killed a nameless horror
  8036 | D:5      | Reached skill level 4 in Fire Magic
  8478 | D:5      | Reached skill level 5 in Fire Magic
  8981 | D:5      | Bought a scroll of blinking for 82 gold pieces
  8986 | D:6      | Found a staircase to the Ecumenical Temple.
  9086 | D:6      | Reached skill level 1 in Fighting
  9086 | D:6      | Reached XP level 8. HP: 45/59 MP: 17/17
  9389 | D:6      | HP: 1/52 [wight/+0 dagger (7)]
  9389 | D:6      | Slain by a wight

Vanquished Creatures
  A nameless horror (D:5)
  An ogre (D:5)
  A hound (D:5)
  A jelly (D:5)
  2 adders (Sewer)
  A river rat (Sewer)
  2 ribbon worms
  3 orcs
  2 ball pythons
  5 bats
  2 endoplasms (D:2)
  3 giant cockroaches
  A goblin (D:2)
  A hobgoblin (D:2)
  2 jackals (D:2)
  A quokka (D:2)
  A kobold (D:2)
  A rat (D:2)
31 creatures vanquished.

Vanquished Creatures (collateral kills)
  Edmund (D:4)
  A water moccasin (D:6)
  A bullfrog (D:4)
  3 scorpions (D:5)
  A bombardier beetle (D:4)
  A jelly (D:4)
  An orc priest (D:5)
  2 iguanas (D:5)
  An orc wizard (D:2)
  4 gnolls (D:5)
  12 adders
  5 river rats
  A shadow imp (D:6)
  4 nameless horrors
  2 ufetubi (D:5)
  6 ribbon worms
  3 dart slugs
  9 orcs
  7 ball pythons
  5 endoplasms
  5 giant cockroaches
  3 goblins
  5 hobgoblins
  5 jackals (Sewer)
  3 kobolds
  2 quokkas
  10 bats
  4 frilled lizards
  3 rats
110 creatures vanquished.

Vanquished Creatures (others)
  3 blazeheart cores (D:5)
  A butterfly (D:5)
4 creatures vanquished.

Grand Total: 145 creatures vanquished

Table legend: (Time is in decaauts)
 A = Elapsed time spent in this place.
 B = Non-inter-level travel time spent in this place.
 C = Inter-level travel time spent in this place.
 D = Time resting spent in this place.
 E = Time spent auto-exploring this place.
 F = Levels seen in this place.
 G = Mean time per level.
                   A        B        C        D        E       F      G
               +--------+--------+--------+--------+--------+-----+--------+
         Total |   9683 |   9496 |    187 |   3793 |   2951 |   7 | 1383.3 |
       Dungeon |   7061 |   6874 |    187 |   2470 |   2598 |   6 | 1176.8 |
         Sewer |   2621 |   2621 |      0 |   1323 |    353 |   1 | 2621.0 |
               +--------+--------+--------+--------+--------+-----+--------+

Top non-repeatable levels by time:
   Sewer: 2621 daAuts
     D:5: 1919 daAuts
     D:2: 1432 daAuts
     D:4: 1167 daAuts
     D:1: 1086 daAuts
     D:3: 1052 daAuts
     D:6: 402 daAuts

Table legend:
 A = Non-vault XP
 B = Vault XP
 C = Vault XP percentage of total XP
 D = Non-vault monster count
 E = Vault monster count
 F = Vault count percentage of total count
                 A         B        C        D         E       F
            +---------+---------+-------+---------+---------+-------
      Total |    1272 |     526 |  29.3 |      86 |      50 |  36.8
            +---------+---------+-------+---------+---------+-------
        D:1 |      35 |       0 |   0.0 |      12 |       0 |   0.0
        D:2 |     104 |      41 |  28.3 |      25 |       2 |   7.4
        D:3 |      50 |      10 |  16.7 |      15 |       3 |  16.7
        D:4 |     233 |     205 |  46.8 |      11 |       6 |  35.3
        D:5 |     692 |      70 |   9.2 |      21 |       5 |  19.2
        D:6 |     158 |       0 |   0.0 |       2 |       0 |   0.0
      Sewer |       0 |     200 | 100.0 |       0 |      34 | 100.0
            +---------+---------+-------+---------+---------+-------
